Map: Catalyst LE

Players

Stalker - Winner!

  • Race: Protoss Protoss
  • League: Diamond
  • Spawn Location: 11:00

Dessa

  • Race: Zerg Zerg
  • League: Diamond
  • Spawn Location: 5:00

VOD

Have the link to the VOD?

Description

Time

  • Played on: Jan. 14, 2018, 10:25 a.m.
  • Length: 14:56
Show
View Real Time Build Order
Export as new Build Order

Stalker Protoss - Winner!

Build Orders:  

Get SALT Encoding   

  12  0:00  Probe  
  13  0:13  Probe  
  14  0:19  Pylon  
  14  0:25  Probe  
  15  0:37  Probe  
  15  0:40  Gateway  
  16  0:47  Assimilator  
  16  0:49  Probe  
  17  1:01  Probe  
  18  1:08  Gateway  
  18  1:13  Probe  
  19  1:25  Probe  
  20  1:28  Cybernetics Core  
  20  1:37  Probe, Pylon  
  21  1:49  Probe  
  22  2:01  Probe  
  22  2:03  Adept x2 (Chrono Boost)  
  27  2:13  Probe  
  28  2:23  Nexus  
  28  2:34  Probe  
  28  2:35  Adept  
  30  2:44  Shield Battery, Assimilator  
  30  2:47  Probe  
  31  3:11  Stargate  
  31  3:15  Probe  
  30  3:23  Pylon  
  30  3:24  Adept (Chrono Boost)  
  30  3:27  Probe  
  30  3:30  Assimilator  
  30  3:32  Warp Gate  
  30  3:33  Adept (Chrono Boost)  
  31  3:37  Probe  
  34  3:45  Probe  
  35  3:49  Probe  
  36  3:57  Probe  
  36  4:01  Probe  
  36  4:03  Stalker  
  36  4:04  Sentry  
  36  4:09  Probe  
  41  4:21  Phoenix (Chrono Boost)  
  43  4:24  Probe  
  43  4:25  Probe, Forge  
  43  4:36  Probe  
  43  4:37  Probe  
  45  4:48  Probe, Pylon  
  45  4:49  Probe  
  47  4:53  Adept x2  
  47  4:59  Assimilator  
  51  5:00  Probe  
  52  5:07  Photon Cannon  
  52  5:13  Probe  
  53  5:16  Nexus  
  53  5:21  Gateway  
  53  5:31  Probe x2  
  53  5:43  Probe, Robotics Facility, Protoss Ground Weapons Level 1  
  53  5:46  Probe  
  53  5:48  Phoenix  
  57  5:54  Twilight Council  
  57  5:55  Adept, Probe  
  60  5:58  Sentry  
  62  6:14  Pylon  
  62  6:16  Pylon  
  62  6:19  Assimilator  
  62  6:28  Probe x2  
  62  6:30  Adept  
  62  6:31  Adept  
  68  6:33  Adept  
  70  6:43  Probe (Chrono Boost)  
  70  6:44  Probe x2 (Chrono Boost)  
  73  6:50  Charge (Chrono Boost)  
  73  6:52  Probe (Chrono Boost), Pylon  
  76  6:54  Gateway  
  76  6:55  Probe x2 (Chrono Boost), Observer (Chrono Boost)  
  76  6:57  Probe (Chrono Boost)  
  78  7:04  Probe x2  
  80  7:08  Immortal (Chrono Boost)  
  80  7:09  Probe  
  80  7:13  Shield Battery  
  85  7:16  Probe  
  85  7:21  Probe, Assimilator  
  87  7:24  Robotics Bay  
  87  7:28  Probe  
  84  7:33  Probe  
  84  7:34  Adept  
  84  7:35  Adept  
  84  7:37  Observer  
  86  7:41  Probe  
  86  7:42  Protoss Ground Weapons Level 2 (Chrono Boost)  
  87  7:45  Probe  
  88  7:53  Probe  
  88  7:55  Fleet Beacon  
  89  8:00  Pylon  
  89  8:03  Zealot x4  
  89  8:05  Probe  
  98  8:08  Void Ray (Chrono Boost)  
  100  8:17  Probe  
  101  8:20  Photon Cannon  
  101  8:22  Pylon  
  101  8:25  Zealot x4  
  99  8:29  Probe  
  90  8:34  Immortal (Chrono Boost)  
  83  8:41  Robotics Facility, Void Ray (Chrono Boost)  
  83  8:47  Probe  
  82  8:48  Zealot x3  
  82  8:49  Zealot  
  86  8:57  Gateway  
  86  9:00  Gateway  
  86  9:01  Observer  
  86  9:04  Immortal (Chrono Boost)  
  86  9:06  Probe x2  
  92  9:15  Probe  
  93  9:17  Extended Thermal Lance  
  93  9:18  Probe  
  94  9:26  Zealot  
  94  9:27  Probe, Zealot x3  
  94  9:29  Carrier (Chrono Boost)  
  107  9:58  Probe  
  107  9:59  Protoss Ground Weapons Level 3 (Chrono Boost)  
  108  10:03  Pylon  
  108  10:04  Stargate  
  108  10:05  Pylon  
  108  10:06  Graviton Catapult (Chrono Boost)  
  108  10:07  Pylon  
  108  10:10  Templar Archives  
  108  10:22  Probe  
  108  10:27  Pylon  
  109  10:39  Observer x2 (Chrono Boost)  
  111  10:44  Carrier (Chrono Boost)  
  117  10:50  Photon Cannon  
  117  10:52  Shield Battery, Colossus x2 (Chrono Boost), Photon Cannon  
  117  10:55  Shield Battery  
  129  11:01  Nexus, Carrier (Chrono Boost)  
  129  11:02  Pylon  
  131  11:11  Zealot x3  
  126  11:20  Zealot x2  
  97  11:40  Zealot x4  
  97  11:41  Zealot  
  97  11:45  Immortal (Chrono Boost)  
  104  11:53  Zealot  
  108  12:02  Probe (Chrono Boost)  
  108  12:09  Probe (Chrono Boost), High Templar x2  
  108  12:10  High Templar  
  108  12:12  Probe (Chrono Boost), High Templar  
  108  12:13  Archon  
  118  12:16  Probe (Chrono Boost), Archon  
  118  12:17  Probe (Chrono Boost), High Templar  
  118  12:18  High Templar  
  123  12:27  Probe  
  123  12:29  Archon  
  124  12:34  Photon Cannon  
  124  12:35  Probe  
  125  12:37  Assimilator  
  125  12:39  Assimilator  
  123  12:47  Zealot x4  
  120  12:58  Protoss Ground Armor Level 1 (Chrono Boost)  
  120  12:59  Probe x2  
  120  13:00  Protoss Air Armor Level 1 (Chrono Boost)  
  122  13:07  Carrier  
  122  13:09  Carrier  
  122  13:11  Probe  
  122  13:12  Probe  
  136  13:15  High Templar x2  
  140  13:23  Probe  
  140  13:24  Probe  
  142  13:30  High Templar x2  
  142  13:32  Zealot  
  142  13:33  Zealot  
  150  13:38  Gateway  
  150  13:40  Archon  
  150  13:41  Photon Cannon  
  150  13:42  Archon  
  150  13:44  Photon Cannon  
  150  13:45  Warp Prism  
  152  13:53  Gateway  
  152  13:57  High Templar  
  152  13:58  High Templar  
  152  14:01  Probe  
  148  14:11  Archon  
  148  14:15  Zealot  
  134  14:21  Zealot x3  
  140  14:32  Nexus  
Show
View Real Time Build Order
Export as new Build Order

Dessa Zerg 

Build Orders: Hatch First 

Get SALT Encoding   

  12  0:01  Drone  
  13  0:09  Drone  
  14  0:16  Overlord  
  14  0:23  Extractor  
  14  0:24  Drone  
  15  0:35  Drone x2  
  17  0:54  Hatchery  
  16  0:58  Drone  
  17  1:13  Spawning Pool  
  17  1:15  Drone  
  17  1:23  Drone  
  18  1:26  Extractor  
  18  1:29  Overlord  
  17  1:37  Drone  
  18  1:42  Drone  
  19  2:00  Zergling x2, Queen  
  22  2:02  Drone  
  22  2:06  Queen  
  25  2:09  Drone  
  25  2:14  Drone  
  27  2:18  Drone  
  28  2:23  Drone  
  28  2:25  Metabolic Boost  
  29  2:43  Zergling x6  
  31  2:56  Zergling x2  
  31  2:57  Zergling x4  
  28  3:19  Drone x4  
  33  3:20  Drone x4, Overlord  
  36  3:28  Roach Warren  
  36  3:30  Overlord  
  35  3:40  Drone x2  
  37  3:42  Overlord  
  37  3:49  Drone  
  37  3:50  Drone  
  37  3:51  Drone  
  39  4:12  Overlord  
  39  4:21  Drone x3  
  39  4:22  Drone, Overlord  
  43  4:26  Hatchery  
  41  4:35  Spore Crawler x2  
  41  4:37  Spore Crawler  
  41  4:38  Drone x2  
  40  4:39  Spore Crawler  
  40  4:40  Drone x2  
  41  4:49  Lair  
  41  4:51  Pneumatized Carapace  
  41  5:01  Drone  
  42  5:12  Zergling x10  
  47  5:15  Drone x2  
  47  5:16  Extractor  
  47  5:17  Drone x2, Extractor  
  47  5:18  Drone  
  50  5:34  Queen  
  52  5:43  Zergling x8  
  52  5:44  Drone x3  
  52  5:45  Queen  
  52  5:46  Drone x4  
  64  6:11  Spore Crawler  
  64  6:12  Drone x4, Spore Crawler  
  64  6:16  Glial Reconstitution  
  66  6:21  Overlord x2, Evolution Chamber  
  66  6:22  Drone x2, Evolution Chamber  
  65  6:38  Zergling x4  
  66  6:40  Overlord x2  
  66  6:47  Hydralisk Den  
  66  6:49  Drone  
  66  6:52  Extractor  
  66  6:53  Drone  
  66  6:54  Extractor, Overlord x2  
  62  7:11  Roach x5  
  62  7:12  Roach x5  
  81  7:16  Zerg Ground Armor Level 1, Zerg Missile Weapons Level 1  
  81  7:18  Overlord  
  79  7:39  Roach x3  
  79  7:42  Extractor  
  83  7:47  Zergling x18  
  83  7:48  Zergling x2, Overlord  
  93  8:00  Zergling x4  
  93  8:01  Zergling x4  
  96  8:19  Zergling x4  
  91  8:30  Zergling x4  
  73  8:43  Zergling x4  
  73  8:44  Zergling x2, Roach  
  76  8:51  Zergling x2  
  76  8:52  Zergling x2  
  76  9:04  Drone x2  
  76  9:05  Drone x4  
  76  9:07  Drone x4  
  76  9:08  Drone x4  
  76  9:09  Hatchery  
  89  9:15  Hydralisk x3  
  95  9:20  Muscular Augments  
  95  9:30  Zerg Ground Armor Level 2, Zerg Missile Weapons Level 2  
  85  9:45  Ravager  
  85  9:48  Overlord x2  
  85  9:49  Hydralisk  
  85  9:50  Roach  
  86  9:55  Roach  
  86  9:56  Roach x8  
  86  9:59  Overlord  
  104  10:11  Hydralisk x5  
  114  10:22  Queen  
  114  10:25  Drone x4  
  114  10:27  Overlord x2  
  120  10:31  Hydralisk  
  120  10:32  Roach x4, Hydralisk x2  
  134  10:39  Zergling x2  
  135  11:02  Drone x4, Overlord x2  
  139  11:04  Overlord  
  129  11:22  Hydralisk x2  
  129  11:23  Roach x4, Hydralisk x5  
  129  11:24  Roach x4  
  130  11:45  Hydralisk x4  
  130  11:46  Roach x6, Hydralisk  
  152  11:50  Overlord x2  
  128  12:18  Hydralisk  
  128  12:19  Roach x3, Hydralisk x4  
  128  12:20  Roach x6, Hydralisk  
  158  12:32  Hydralisk  
  158  12:33  Roach x3, Hydralisk x3  
  158  12:34  Roach  
  174  12:42  Hatchery  
  174  12:43  Extractor  
  172  12:46  Extractor  
  131  13:02  Lurker Den  
  130  13:17  Infestation Pit  
  130  13:19  Roach x4, Hydralisk x3  
  141  13:20  Roach x4, Hydralisk x5  
  161  13:37  Drone x4, Extractor  
  161  13:38  Extractor  
  161  13:40  Drone x2  
  161  13:41  Overlord x2  
  165  13:48  Roach, Hydralisk x3  
  165  13:49  Roach x5  
  169  14:12  Hydralisk x2  
  169  14:13  Roach x2  
  135  14:23  Spire  
  102  14:34  Roach x7  
Tags
 
Matchup
PvZ
Replay Pack
2017S4
Spawn Locations
Cross Positions
Add a new tag
Caveats
  • Supply blocks, unpowered buildings, or Contaminate may cause inaccurate times.
  • Supply counts are checked every 10 seconds.